 Dungeon Crawl Stone Soup version 0.29-a0-878-g7b45a56547 (webtiles) character file.

Game seed: 13852067780844842933

260 27snakeeyes612 the Magician (level 5, -9/28 HPs)
             Began as a Deep Elf Air Elementalist on July 20, 2022.
             Was an Initiate of Vehumet.
             Mangled by Duvessa
             ... wielding a +1 short sword of speed
              (10 damage)
             ... on level 3 of the Dungeon.
             The game lasted 00:02:36 (3896 turns).

27snakeeyes612 the Magician (DEAE)                  Turns: 3896, Time: 00:02:36

Health: -9/28      AC:  3    Str:  5    XL:     5   Next: 95%
Magic:  13/13      EV: 13    Int: 22    God:    Vehumet [......]
Gold:   120        SH:  0    Dex: 15    Spells: 12/13 levels left

rFire   + . .      SeeInvis .   q - +4 dagger
rCold   . . .      Faith    .   (no shield)
rNeg    . . .      Spirit   .   n - +0 robe {rF+}
rPois   +          Reflect  .   (no helmet)
rElec   .          Harm     .   (no cloak)
rCorr   +          Rampage  .   (no gloves)
Will    .....                   p - +0 pair of boots
Stlth   +++.......              (no amulet)
HPRegen 0.09/turn               j - ring of resist corrosion
MPRegen 0.13/turn               l - ring of poison resistance

@: brilliant, hasted, very quick
A: no striking features
a: Renounce Religion


You were on level 3 of the Dungeon.
You worshipped Vehumet.
Vehumet was noncommittal.
You visited 1 branch of the dungeon, and saw 4 of its levels.

You collected 120 gold pieces.

Inventory:

Hand Weapons
 q - a +4 dagger (weapon)
Armour
 a - a +0 robe
 n - a +0 robe of fire resistance (worn)
 p - a +0 pair of boots (worn)
Jewellery
 j - a ring of resist corrosion (left hand)
 l - a ring of poison resistance (right hand)
Scrolls
 c - a scroll of poison
 d - a scroll of identify
 e - a scroll of teleportation {unknown}
 i - a scroll of magic mapping {unknown}
 m - a scroll of noise {unknown}
 o - 2 scrolls of fog {unknown}
Potions
 b - a potion of magic
 f - a potion of mutation {unknown}
 g - a potion of curing {unknown}
 h - a potion of brilliance
 k - a potion of haste


   Skills:
 + Level 4.0 Dodging
 + Level 4.2 Stealth
 + Level 4.6 Spellcasting
 + Level 2.9 Conjurations
 + Level 3.9 Air Magic


You had 12 spell levels left.
You knew the following spells:

 Your Spells              Type           Power      Damage    Failure   Level
a - Shock                 Conj/Air       100%       1d9       2%          1

Your spell library contained the following spells:

 Spells                   Type           Power      Damage    Failure   Level
 Static Discharge         Conj/Air       30%        3-7/arc   3%          2
 Swiftness                Air            33%        N/A       6%          3
 Airstrike                Air            16%        0-6+      21%         4
 Corpse Rot               Necr/Pois/Air  16%        N/A       52%         4
 Dispel Undead            Necr           7%         3d8       71%         4
 Summon Forest            Summ/Tloc      3%         N/A       96%         5
 Summon Mana Viper        Hex/Summ       7%         N/A       96%         5
 Death Channel            Necr           3%         N/A       100%        6
 Eringya's Noxious Bog    Tmut/Pois      3%         N/A       100%        6
 Summon Cactus Giant      Summ           3%         N/A       100%        6
 Summon Hydra             Summ           3%         N/A       100%        7


Dungeon Overview and Level Annotations

Branches:
Dungeon (4/15)
 Temple: D:4-7

Altars:
Nemelex Xobeh
Uskayaw
Vehumet
Wu Jian
Yredelemnul
Zin
The Shining One

Shops:
D:4 *

Annotations:
D:3 Dowan, Duvessa


Message History

You climb upwards.
There is a stone staircase leading down here.
You start resting.
Magic restored.
You start resting.
HP restored.
You climb downwards.
Level annotation: Dowan, Duvessa The goblin hits you with a +0 club.
The goblin closely misses you. Duvessa barely misses you.
Duvessa hits you with a +1 short sword of speed.
The goblin hits you but does no damage. x2
There is a stone staircase leading up, spattered with blood here.
As you read the scroll labelled TEMINET XEO, it crumbles to dust.
It is a scroll of identify.
c - a scroll of poison Duvessa hits you but does no damage.
Dowan gestures at you while chanting. The puff of frost hits you.
The goblin closely misses you. The goblin hits you with a +0 club.
Duvessa hits you with a +1 short sword of speed.
* * * LOW HITPOINT WARNING * * *
Duvessa closely misses you. Dowan gestures at you while chanting.
The puff of flame misses you. The goblin closely misses you.
The goblin hits you with a +0 club.
* * * LOW HITPOINT WARNING * * *
The goblin barely misses you.
You climb upwards.
There is a stone staircase leading down here.
It was a potion of haste.
You feel yourself speed up. Duvessa misses you. The goblin barely misses you.
The goblin closely misses you. Dowan hits you with a +0 dagger.
* * * LOW HITPOINT WARNING * * *
The goblin hits you with a +0 club.
* * * LOW HITPOINT WARNING * * *
It was a potion of brilliance.
You feel clever all of a sudden.
Duvessa hits you with a +1 short sword of speed!
You die...

#......#.#.#.# #...
#............# #...
#......#.#.### #...
##.........# #...
#.......########.##
#........(.........
#######...##.......###.##
#......gee...#####.###.##
#.#####.@................
#.# ##gg.........^......
#.# #..<.....#.#..###.##
##.#####.........#...##.##
#....................##.##
########..##..####.#.##.##
### #..##..####.#.##.##
#.# #..................
#.###...#..#...........


You could see Duvessa, Dowan and 3 goblins.

Vanquished Creatures
  An ogre (D:4)
  A wight (D:3)
  Robin (D:4)
  5 adders (D:2)
  3 worms
  2 dart slugs
  5 ball pythons
  2 endoplasms
  7 goblins
  12 hobgoblins
  A quokka (D:1)
  8 bats
  3 frilled lizards
  8 kobolds
  5 rats
64 creatures vanquished.

Notes
Turn   | Place    | Note
-------+----------+-------------------------------------------
     0 | D:1      | 27snakeeyes612 the Deep Elf Air Elementalist began the
                  | quest for the Orb.
     0 | D:1      | Reached XP level 1. HP: 10/10 MP: 6/6
   316 | D:1      | Reached XP level 2. HP: 15/15 MP: 4/8
   883 | D:1      | Found a faded altar of an unknown god.
  1206 | D:2      | Reached XP level 3. HP: 19/19 MP: 2/9
  1781 | D:2      | Reached XP level 4. HP: 24/24 MP: 8/11
  1904 | D:2      | Found a radiant altar of Vehumet.
  2048 | D:2      | Became a worshipper of Vehumet
  2578 | D:3      | Found a large runed translucent door.
  2579 | D:3      | Found a large runed translucent door.
  2910 | D:3      | Found a hide-covered altar of Uskayaw.
  2910 | D:3      | Found a sparkling altar of Nemelex Xobeh.
  2912 | D:3      | Found an ornate altar of the Wu Jian Council.
  2912 | D:3      | Found a basalt altar of Yredelemnul.
  3226 | D:3      | Found a glowing golden altar of the Shining One.
  3232 | D:3      | Found a glowing silver altar of Zin.
  3345 | D:4      | Noticed an ogre
  3350 | D:4      | Killed an ogre
  3351 | D:4      | Reached XP level 5. HP: 28/28 MP: 7/13
  3691 | D:4      | Noticed an ogre
  3691 | D:4      | Found Uwethret's General Store.
  3745 | D:4      | Noticed Robin
  3745 | D:4      | Noticed Dowan
  3745 | D:4      | Noticed Duvessa
  3748 | D:4      | Killed Robin
  3895 | D:3      | HP: 1/28 [goblin/+0 club[Robin] (1)]
  3896 | D:3      | Mangled by Duvessa

Illustrated notes

Levels and vault maps discovered:
D:1:      psy_arrival_basics, layout_basic, chequers_ecumenical_altar_twisty
D:2:      layout_rooms, basic_altar, kennysheep_generic_room_9
D:3:      layout_basic, mainiacjoe_overflow_alcove_3, jmf_multi_god_temple2,
          grunt_ministairs_5
D:4:      layout_loops_cross, minmay_temple_entry_statues_fountains,
          nicolae_stop_n_shop_1, nicolae_shop_vocational, uniq_robin,
          uniq_duvessa

Skill      XL: |  1  2  3  4  5 |
---------------+----------------+-----
Stealth        | 3 4 |  4.2
Dodging        | 3 4 |  4.0
Conjurations   | 2 |  2.9
Spellcasting   | 4 |  4.6
Air Magic      | |  3.9

Action                   |  1- 3 |  4- 6 || total
-------------------------+-------+-------++-------
Melee: Unarmed           |     1 |       ||     1
 Cast: Shock             |    82 |    58 ||   140
  Use: Potion            |       |     2 ||     2
       Scroll            |       |     1 ||     1
Armor: Robe              |     3 |     4 ||     7
Dodge: Dodged            |     6 |    18 ||    24

Table legend: (Time is in decaauts)
 A = Elapsed time spent in this place.
 B = Non-inter-level travel time spent in this place.
 C = Inter-level travel time spent in this place.
 D = Time resting spent in this place.
 E = Time spent auto-exploring this place.
 F = Levels seen in this place.
 G = Mean time per level.
                   A        B        C        D        E       F      G
               +--------+--------+--------+--------+--------+-----+--------+
         Total |   3895 |   3637 |    258 |    449 |   2868 |   4 |  973.8 |
       Dungeon |   3895 |   3637 |    258 |    449 |   2868 |   4 |  973.8 |
               +--------+--------+--------+--------+--------+-----+--------+

Top non-repeatable levels by time:
     D:3: 1790 daAuts
     D:1: 1199 daAuts
     D:2: 860 daAuts
     D:4: 45 daAuts
